 Dungeon Crawl Stone Soup version 0.31-a0-424-g41b3b0883d (webtiles) character file.

Game seed: 8885033739687522224

25214 Grim the Nimble (level 12, -20/110 HPs)
             Began as a White Draconian Monk on July 30, 2023.
             Was an Initiate of Gozag.
             Demolished by a vault guard
             ... wielding a +0 great mace
              (23 damage)
             ... on level 14 of the Dungeon.
             The game lasted 00:30:11 (18060 turns).

Grim the Nimble (White Draconian Monk)             Turns: 18060, Time: 00:30:12

Health: -20/110    AC: 10    Str: 20    XL:     12   Next: 87%
Magic:  12/12      EV: 27    Int: 10    God:    Gozag
Gold:   972        SH:  0    Dex: 19    Spells: 11/11 levels left

rFire   . .          .
                       - Unarmed
rCold   + . .        b - orb {light}
rNeg    . . .        (body armour unavailable)
rPois   .            D - +1 hat
rElec   .            C - +0 cloak
rCorr   .            (no gloves)
SInv    .            (no boots)
Will    .....        (no amulet)
Stlth   +            i - +5 ring of evasion
HPRegen 0.38/turn    q - +6 ring of strength
MPRegen 0.13/turn

%: no passive effects
@: mighty, about to teleport, gold aura, glowing, invisible (but backlit and
visible)
A: breathe frost, AC +8, unfitting armour, cold resistance 1, cold-blooded
a: Breathe Frost, Renounce Religion, Potion Petition, Call Merchant, Bribe
Branch


You were on level 14 of the Dungeon.
You worshipped Gozag.
Gozag was pleased with you.
You visited 2 branches of the dungeon, and saw 15 of its levels.
You visited the Abyss 1 time.
You also visited: Bailey.

You collected 3154 gold pieces.
You spent 189 gold pieces at shops.
You paid 1993 gold pieces to Gozag.

Inventory:

Hand Weapons
 I - a +0 short sword
Missiles
 n - 6 curare-tipped darts
 u - 6 boomerangs (quivered)
 B - a throwing net
 G - 27 poisoned darts
 H - 6 atropa-tipped darts
Armour
 b - an orb of light (worn)
 C - a +0 cloak (worn)
 D - a +1 hat (worn)
Jewellery
 i - a +5 ring of evasion (left hand)
 q - a +6 ring of strength (right hand)
 v - a +6 ring of strength
 z - a +6 ring of dexterity
 F - a ring of ice
 N - a +6 ring of strength
Wands
 c - a wand of acid (3)
 j - a wand of flame (34)
 s - a wand of charming (14)
 J - a wand of digging (6)
Scrolls
 d - 4 scrolls of fog
 h - a scroll of vulnerability
 k - 3 scrolls of revelation
 l - 4 scrolls of enchant weapon
 p - 3 scrolls of amnesia
 r - 5 scrolls of teleportation
 y - 6 scrolls of enchant armour
 A - a scroll of brand weapon
 L - a scroll of identify
 M - 2 scrolls of immolation {unknown}
Potions
 a - 2 potions of ambrosia
 e - 3 potions of resistance
 f - 6 potions of curing
 g - 3 potions of might
 m - 7 potions of haste
 o - 3 potions of brilliance
 t - 3 potions of enlightenment
 w - 2 potions of magic
 x - a potion of cancellation
 E - 2 potions of lignification
 K - 2 potions of attraction {unknown}


   Skills:
 - Level 11.6 Fighting
 + Level 8.3 Throwing
 - Level 14.0 Dodging
 + Level 13.2 Unarmed Combat


You had 11 spell levels left.
You didn't know any spells.
Your spell library contained the following spells:

 Spells                   Type           Power      Damage    Failure   Level
 Foxfire                  Conj/Fire      0%         2x1d4     36%         1
 Necrotise                Necr           0%         1d4       36%         1
 Blink                    Tloc           0%         N/A       50%         2
 Hailstorm                Conj/Ice       0%         3d3       75%         3
 Inner Flame              Hex/Fire       0%         N/A       75%         3
 Stone Arrow              Conj/Erth      0%         3d7       75%         3
 Vampiric Draining        Necr           0%         2d6       75%         3
 Flame Wave               Conj/Fire      0%         2d4       98%         4
 Manifold Assault         Tloc           0%         N/A       98%         4
 Passage of Golubria      Tloc           0%         N/A       98%         4
 Sticky Flame             Conj/Fire      0%         2d3       98%         4
 Summon Ice Beast         Ice/Summ       0%         N/A       98%         4
 Agony                    Necr           0%         N/A       100%        5
 Silence                  Hex/Air        0%         N/A       100%        5
 Plasma Beam              Fire/Air       0%         2x1d10    100%        6
 Starburst                Conj/Fire      0%         6d3       100%        6
 Haunt                    Necr/Summ      0%         N/A       100%        7
 Borgnjor's Revivificati  Necr           0%         N/A       100%        8
 Lehudib's Crystal Spear  Conj/Erth      0%         10d2      100%        8
 Death's Door             Necr           0%         N/A       100%        9
 Animate Armour           Summ/Erth      Unusable   N/A       N/A         4
 Simulacrum               Ice/Necr       Unusable   N/A       N/A         6

Dungeon Overview and Level Annotations

Branches:
Dungeon (14/15)            Temple (1/1) D:4            Lair (0/5) D:10
    Orc (0/2) D:11         Vaults (0/5) D:14         Bailey (visited)

Altars:
Ashenzari
Cheibriados
Dithmenos
Elyvilon
Fedhas
Gozag
Hepliaklqana
Kikubaaqudgha
Makhleb
Nemelex Xobeh
Okawaru
Qazlal
Ru
Sif Muna
Trog
Uskayaw
Vehumet
Wu Jian
Xom
Yredelemnul
Zin
The Shining One

Shops:
D:1 [   D:6 :?


Innate Abilities, Weirdness & Mutations

You can breathe waves of freezing cold which knock back foes.
Your icy white scales are hard. (AC +8)
You cannot fit into any form of body armour.
Your flesh is cold resistant. (rC+)
You are cold-blooded and may be slowed by cold attacks.


Message History

Purchase which effect?
You become transparent, but the glow from your halo prevents you from becoming completely invisible.
You feel very mighty all of a sudden. The vault guard closely misses you.
There is an open gate here.
You completely miss the necromancer. The vault guard misses you. x2
The vault guard hits you with a +0 great mace.
You completely miss the necromancer.
Your tail-slap misses the necromancer.
The necromancer points at you and mumbles some strange words.
The bolt of negative energy misses you.
The vault guard hits you with a +2 dire flail!
The vault guard hits you with a +0 great mace!
The vault guard completely misses you.
You pummel the necromancer!!
The necromancer is severely wounded.
You pummel the necromancer!!
You kill the necromancer!
The vault guard hits you with a +0 long sword!!
* * * LOW HITPOINT WARNING * * *
The vault guard hits you with a +0 long sword!
* * * LOW HITPOINT WARNING * * *
The vault guard hits you with a +2 dire flail!
* * * LOW HITPOINT WARNING * * *
The vault guard hits you with a +0 great mace!
* * * LOW HITPOINT WARNING * * *
The human misses you.
As you read the scroll of teleportation, it crumbles to dust.
You feel strangely unstable. The vault guard barely misses you.
The vault guard closely misses you. The vault guard completely misses you.
The human hits you but does no damage. The human closely misses you.
The vault guard closely misses you.
Unknown command.
You completely miss the human.
The vault guard hits you with a +0 long sword!
* * * LOW HITPOINT WARNING * * *
The vault guard hits you with a +0 long sword!!
* * * LOW HITPOINT WARNING * * *
The vault guard hits you with a +0 great mace!!
You die...
Your body crumbles into a pile of gold.

##.# #....# #.#
#..######.######
#.#
#................
#.#
#..#############.
..#
#..#...[.#[$.!?#
###
#..'....[#?...$#
#..'..⌠..#..∩..#
#..'.....#..ppp#
##.#.....#!.p@.#
#.##'''###'pp##
#.#...).#.....#
#.#.....'.....#
#.#..⌠..').⌠..#
#.#.....')....#
#.#)....#.)...#
#.#############
#..


You could see 4 vault guards and 2 humans.

Vanquished Creatures
  Fannar (D:10)
  A catoblepas (D:13)
  3 two-headed ogres
  A boulder beetle (D:11)
  3 necromancers (D:14)
  A wizard (D:14)
  A deep elf pyromancer (D:14)
  4 cyclopes
  6 ugly things (D:14)
  A manticore (D:12)
  A kobold demonologist (D:10)
  2 unseen horrors (D:13)
  2 trolls
  A queen bee (D:8)
  9 slime creatures
  Sigmund (D:3)
  2 wraiths
  8 yaks
  4 wyverns
  A shadow (D:11)
  A basilisk (D:13)
  13 humans (D:14)
  4 steam dragons
  Menkaure (D:5)
  6 vampire mosquitoes
  2 water moccasins (D:7)
  20 orc warriors
  A sky beast (D:8)
  3 ice beasts (D:7)
  2 ogres (D:5)
  2 phantoms (D:5)
  7 centaurs
  2 kobold brigands
  4 bullfrogs
  4 gnoll sergeants
  2 scorpions
  4 wights (D:9)
  14 killer bees
  8 howler monkeys
  9 orc priests
  3 hounds
  2 sleepcaps
  Terence (D:3)
  4 iguanas
  12 orc wizards
  13 gnolls
  9 adders
  2 shadow imps
  A white imp (D:6)
  A dart slug (D:3)
  76 orcs
  6 ball pythons
  6 bats
  7 endoplasms
  4 giant cockroaches
  8 goblins
  8 hobgoblins
  14 jackals
  5 quokkas
  2 frilled lizards (D:1)
  11 kobolds
  3 rats
360 creatures vanquished.

Vanquished Creatures (others)
  A shadow (D:12)
1 creature vanquished.

Grand Total: 361 creatures vanquished

Notes
Turn   | Place    | Note
-------+----------+-------------------------------------------
     0 | D:1      | Grim the Draconian Monk began the quest for the Orb.
     0 | D:1      | Reached XP level 1. HP: 19/19 MP: 1/1
   219 | D:1      | Reached XP level 2. HP: 16/26 MP: 2/2
   668 | D:1      | Found Juwn's Antique Armour Boutique.
  1017 | D:2      | Reached XP level 3. HP: 31/31 MP: 3/3
  1113 | D:2      | Found a burning altar of Makhleb.
  1575 | D:3      | Noticed Sigmund
  1669 | D:3      | Killed Sigmund
  1670 | D:3      | Reached XP level 4. HP: 13/38 MP: 4/4
  1670 | D:3      | Reached XP level 5. HP: 16/45 MP: 5/5
  1789 | D:3      | Noticed Terence
  1806 | D:3      | Killed Terence
  2227 | D:3      | Reached XP level 6. HP: 51/51 MP: 6/6
  2858 | D:4      | Found a staircase to the Ecumenical Temple.
  2980 | Temple   | Entered the Ecumenical Temple
  3116 | Temple   | Became a worshipper of Gozag Ym Sagoz the Greedy
  3352 | D:5      | Entered Level 5 of the Dungeon
  3475 | D:5      | Your scales start taking on an icy white colour.
  3475 | D:5      | Reached XP level 7. HP: 53/57 MP: 7/7
  3475 | D:5      | Gained mutation: Your flesh is cold resistant. (rC+) [White
                  | Draconian growth]
  3749 | D:5      | Noticed Menkaure
  3764 | D:5      | Killed Menkaure
  4088 | D:5      | Found a stormy altar of Qazlal.
  4274 | D:5      | Reached XP level 8. HP: 40/63 MP: 8/8
  4536 | D:5      | Reached skill level 10 in Unarmed Combat
  5160 | D:6      | Found Hitu's Vocational Training.
  5323 | D:6      | Found a hazy altar of Hepliaklqana.
  5328 | D:6      | Found Meim's Magic Scroll Emporium.
  5380 | D:6      | Reached skill level 3 in Dodging
  5387 | D:6      | Found a bloodstained altar of Trog.
  5390 | D:6      | Found a sparkling altar of Nemelex Xobeh.
  5724 | D:6      | Found a radiant altar of Vehumet.
  5879 | D:7      | Reached skill level 4 in Dodging
  5882 | D:7      | Reached skill level 5 in Fighting
  5961 | D:7      | Reached XP level 9. HP: 67/74 MP: 9/9
  6157 | D:7      | Reached skill level 5 in Dodging
  6336 | D:7      | Reached skill level 6 in Dodging
  6688 | D:8      | Reached skill level 7 in Dodging
  6855 | D:8      | Reached skill level 8 in Dodging
  6897 | D:8      | Identified the +3 long sword of Cocytus {freeze, rElec rC+
                  | Str-5 Int+5}
  7162 | D:8      | Reached XP level 10. HP: 81/88 MP: 10/10
  7257 | D:8      | Found an ancient bone altar of Kikubaaqudgha.
  7279 | D:8      | Noticed a two-headed ogre
  7288 | D:8      | Killed a two-headed ogre
  7289 | D:8      | Reached skill level 9 in Dodging
  7631 | D:8      | Reached skill level 10 in Dodging
  8005 | D:9      | Found a flagged portal.
  8033 | Bailey   | Entered a bailey
  8736 | Bailey   | Reached skill level 11 in Dodging
  8968 | Bailey   | Reached skill level 10 in Fighting
  9096 | D:9      | Found a white marble altar of Elyvilon.
 10141 | D:9      | Noticed a two-headed ogre
 10150 | D:9      | Killed a two-headed ogre
 10151 | D:9      | Reached skill level 12 in Dodging
 10151 | D:9      | Reached XP level 11. HP: 67/101 MP: 11/11
 10485 | D:10     | Entered Level 10 of the Dungeon
 10552 | D:10     | Found an ornate altar of the Wu Jian Council.
 10755 | D:10     | Found a staircase to the Lair.
 11283 | D:1      | Bought a runed hat for 189 gold pieces
 11981 | D:11     | Noticed Fannar
 12185 | D:10     | Killed Fannar
 12272 | D:11     | Reached skill level 13 in Dodging
 12494 | D:11     | Found a staircase to the Orcish Mines.
 12501 | D:11     | Reached skill level 1 in Throwing
 12729 | D:11     | Noticed a two-headed ogre
 12736 | D:11     | Killed a two-headed ogre
 13113 | D:12     | Noticed a boulder beetle
 13114 | D:12     | Noticed a red ugly thing
 13122 | D:12     | Noticed a boulder beetle
 13368 | D:11     | Killed a boulder beetle
 14711 | D:12     | HP: 5/103 [slime creature (16)]
 14762 | D:11     | Reached skill level 14 in Dodging
 15646 | D:13     | Reached skill level 5 in Throwing
 15646 | D:13     | Reached XP level 12. HP: 77/110 MP: 12/12
 16120 | D:13     | Noticed a catoblepas
 16163 | D:13     | Killed a catoblepas
 17749 | Abyss:2  | Cast into level 2 of the Abyss (a wizard)
 17788 | D:14     | Escaped the Abyss
 18051 | D:14     | Found a gate to the Vaults.
 18051 | D:14     | Noticed a vault guard
 18051 | D:14     | Noticed a vault guard
 18051 | D:14     | Noticed a vault guard
 18051 | D:14     | Noticed a vault guard
 18060 | D:14     | HP: 3/110 [vault guard/+0 long sword (18)]
 18060 | D:14     | Demolished by a vault guard

Illustrated notes

Levels and vault maps discovered:
D:1:      dpeg_arrival_chambers_temple_mockup, layout_loops_ring, serial_shops,
          shop, chequers_serial_rivers_micro_a, minmay_heptomino_o4
D:2:      layout_loops_ring, basic_altar
D:3:      wad_crossroads, layout_rooms, uniq_terence, uniq_sigmund
D:4:      layout_gridville, minmay_temple_entry_purple_smoke
D:5:      kennysheep_spiral_hall, layout_loops_corners, grunt_qazlal_clouds,
          serial_aquarium, aquarium_bridge_long_joined [aquarium_subvault_wall,
          aquarium_subvault_bridge, aquarium_subvault_bridge,
          aquarium_subvault_window, aquarium_subvault_wall,
          aquarium_subvault_bridge], aquarium_window_fake, aquarium_window_2,
          aquarium_window_corner, aquarium_view_2b, aquarium_view_2b,
          aquarium_balcony_3a, chequers_serial_rivers_micro_a, uniq_eustachio,
          uniq_menkaure
D:6:      layout_basic, mainiacjoe_overflow_concentric_impassable,
          mainiacjoe_overflow_chevrons,
          chequers_temple_overflow_statue_of_worship, serial_shops,
          nicolae_shop_trees, serial_glass, glass_columns_b, glass_columns_a,
          glass_columns_a, glass_columns_a, glass_columns_a, glass_columns_c,
          glass_columns_b, glass_columns_c, glass_columns_a, glass_columns_c,
          glass_columns_a, glass_columns_b, glass_columns_a, glass_columns_b,
          feat_on_display, due_unseen_surprise, nicolae_shop_vocational
D:7:      layout_rooms, minmay_manual_mail
D:8:      layout_loops_ring, mainiacjoe_overflow_paths,
          nicolae_looking_at_the_future
D:9:      layout_basic, lemuel_coloured_pillars_altar, enter_bailey_5
D:10:     layout_basic, old_standard_altar, dpeg_oklobed_lair
D:11:     layout_cave_pools, hiddenorc2_lemuel, uniq_fannar
D:12:     layout_small_grid
D:13:     layout_cave_pods, minmay_misc_feat_room
D:14:     layout_loops_corners, grunt_vaults_entry_tiered,
          nicolae_danse_macabre, uniq_nessos
Temple:   nicolae_temple_bog_church

Skill      XL: |  1  2  3  4  5  6  7  8  9 10 11 12 |
---------------+-------------------------------------+-----
Unarmed Combat | 4 6 8 9 11 13 | 13.2
Dodging        | 4 8 12 14 | 14.0
Fighting       | 5 8 10 11 | 11.6
Throwing       | 5 8 |  8.3

Action                     |  1- 3 |  4- 6 |  7- 9 | 10-12 || total
---------------------------+-------+-------+-------+-------++-------
  Melee: Unarmed           |   114 |   140 |   296 |   862 ||  1412
         Tailslap          |    19 |    23 |    65 |   190 ||   297
  Throw: Dart              |       |       |       |     9 ||     9
         Boomerang         |       |       |       |     8 ||     8
 Invoke: Potion Petition   |       |       |     2 |     3 ||     5
Ability: Breathe Frost     |       |       |     1 |     7 ||     8
  Evoke: Wand              |       |       |       |     4 ||     4
    Use: Scroll            |     4 |       |       |    11 ||    15
         Potion            |       |       |     1 |    10 ||    11
   Stab: Sleeping          |       |     1 |       |       ||     1
         Distracted        |       |     1 |     2 |     6 ||     9
         Petrified         |       |       |       |     2 ||     2
 Armour: Skin              |    29 |    13 |    53 |   116 ||   211
  Dodge: Dodged            |   122 |    96 |   246 |   982 ||  1446

Table legend: (Time is in decaauts)
 A = Elapsed time spent in this place.
 B = Non-inter-level travel time spent in this place.
 C = Inter-level travel time spent in this place.
 D = Time resting spent in this place.
 E = Time spent auto-exploring this place.
 F = Levels seen in this place.
 G = Mean time per level.
                   A        B        C        D        E       F      G
               +--------+--------+--------+--------+--------+-----+--------+
         Total |  17770 |  16272 |   1498 |   4345 |   9109 |  17 | 1045.3 |
       Dungeon |  16590 |  15101 |   1489 |   3967 |   8826 |  14 | 1185.0 |
        Temple |    153 |    144 |      9 |      0 |      0 |   1 |  153.0 |
         Abyss |     38 |     38 |      0 |      0 |     28 |   1 |   38.0 |
        Bailey |    989 |    989 |      0 |    378 |    255 |   1 |  989.0 |
               +--------+--------+--------+--------+--------+-----+--------+

Top non-repeatable levels by time:
    D:10: 1728 daAuts
     D:9: 1620 daAuts
     D:5: 1604 daAuts
     D:8: 1562 daAuts
    D:11: 1451 daAuts
    D:14: 1191 daAuts
    D:13: 1136 daAuts
    D:12: 1104 daAuts
     D:1: 990 daAuts
  Bailey: 989 daAuts
     D:6: 970 daAuts
     D:7: 886 daAuts
     D:3: 883 daAuts
     D:4: 752 daAuts
     D:2: 706 daAuts
